 Dungeon Crawl Stone Soup version 0.29-a0-284-gf9362112df (webtiles) character file.

Game seed: 342517851885054266

704 ImHallYall the Chopper (level 7, -3/54 HPs)
             Began as a Human Cinder Acolyte on Mar 24, 2022.
             Was an Initiate of Yredelemnul.
             Slain by a wyvern (12 damage)
             ... on level 7 of the Dungeon.
             The game lasted 00:13:45 (2745 turns).

ImHallYall the Chopper (Human Cinder Acolyte)       Turns: 2745, Time: 00:13:45

Health: -3/54      AC:  9    Str: 19    XL:     7   Next: 99%
Magic:  8/8        EV:  8    Int: 18    God:    Yredelemnul [......]
Gold:   74         SH:  0    Dex:  8    Spells: 8/8 levels left

rFire   . . .      SeeInvis .   p - +8 mace "Woan" {flame, Will+ Str+3 Int+3}
rCold   . . .      Faith    .   (no shield)
rNeg    . . .      Spirit   .   k - +0 chain mail
rPois   .          Reflect  .   (no helmet)
rElec   .          Harm     .   (no cloak)
rCorr   .          Rampage  .   (no gloves)
Will    +....                   (no boots)
Stlth   ..........              (no amulet)
HPRegen 0.18/turn               (no ring)
MPRegen 0.11/turn               (no ring)

@: lethally poisoned (-3 -> -5), fire susceptible
A: no striking features
a: Renounce Religion, Recall Undead Harvest


You were on level 7 of the Dungeon.
You worshipped Yredelemnul.
Yredelemnul was noncommittal.
You visited 1 branch of the dungeon, and saw 7 of its levels.

You collected 130 gold pieces.
You spent 56 gold pieces at shops.

Inventory:

Hand Weapons
 a - a -1 hand axe of flaming
 h - a +0 flail
 j - a +0 falchion
 n - a +0 halberd
 p - the +8 mace "Woan" (weapon) {flame, Will+ Str+3 Int+3}
   (You found it on level 5 of the Dungeon)

   It burns those it strikes, dealing additional fire damage.
   Str:       It affects your strength (+3).
   Int:       It affects your intelligence (+3).
   Will:      It increases your willpower.
 r - a +0 shortbow
Missiles
 d - 9 boomerangs (quivered)
 i - 11 poisoned darts
 m - a throwing net
Armour
 b - a +0 robe
 f - a +0 leather armour
 k - a +0 chain mail (worn)
 t - a +0 scale mail
Magical Staves
 e - a staff of air
Jewellery
 c - a ring of ice
 l - a ring of ice
Wands
 s - a wand of mindburst (7)
 v - a wand of flame (17)
Scrolls
 g - 2 scrolls of identify
 q - a scroll of holy word {unknown}
Potions
 o - a potion of curing {unknown}
 u - a potion of invisibility {unknown}


   Skills:
 + Level 4.1 Fighting
 + Level 5.1(5.3) Axes
 + Level 0.6(3.2) Maces & Flails
 + Level 1.3(3.5) Polearms
 + Level 4.0 Armour
 + Level 2.9 Dodging
 + Level 1.1 Stealth
 + Level 1.0 Spellcasting
 + Level 3.6 Fire Magic


You had 8 spell levels left.
You didn't know any spells.
Your spell library contained the following spells:

 Spells                   Type           Power      Damage    Failure   Level
 Scorch                   Fire           28%        2d6       58%         2


Dungeon Overview and Level Annotations

Branches:
Dungeon (7/15)
 Temple: D:4-7

Altars:
Cheibriados
Fedhas
Makhleb
Sif Muna
Yredelemnul

Shops:
D:5 (   D:6 =


Message History

You kill the hound!
The white imp hits you but does no damage.
The bullfrog barely misses you. The white imp misses you.
The bullfrog hits you but does no damage.
You barely miss the white imp.
The white imp is lightly wounded.
The bullfrog hits you.
* * * LOW HITPOINT WARNING * * *
The white imp hits you but does no damage.
The bullfrog hits you but does no damage.
You sock the white imp! You burn the white imp.
You kill the white imp!
The bullfrog barely misses you. The bullfrog closely misses you.
You sock the bullfrog! You burn the bullfrog.
You kill the bullfrog!
Your Armour skill increases to level 4!
You start resting.
A jelly comes into view.
A jelly is nearby!
A jelly is nearby!
A jelly is nearby!
The jelly quivers.
A kobold comes into view. It is wielding a +0 whip.
Found a short sword and 13 gold pieces.
The kobold shouts!
You hear a shout! x2
A kobold brigand comes into view.
It is wielding a +0 war axe and quivering poisoned darts.
The kobold brigand shouts!
The kobold throws a stone.
The stone barely misses you.
The kobold throws a stone.
The stone barely misses you.
A wyvern comes into view.
The wyvern hisses angrily.
The kobold brigand throws a poisoned dart.
The poisoned dart hits you!
You are poisoned.
You feel sick.
You feel sick.
You hit the wyvern but do no damage.
You feel sick. The wyvern bites you!
You die...
Your body rises from the dead as a mindless zombie.

##.### ##.###K.....+#
###.######..# #.###......#
#......<....# #..........#
#...###.###.# #####......#
#...###.###.# ######K.....#
≈PP≈≈P≈.#...# #...........#
≈♣P≈PP.≈≈.#.####.#########.#
≈≈≈≈≈≈≈≈≈PPP...#.# .#
≈PPP≈♣≈≈≈PPPP..#@# +
###PPP≈♣≈♣≈PPP.#l#
##PPP♣♣♣≈≈P≈.#.# #.PP
♣≈≈≈≈.#.# ##PP ≈♣≈P..#.#


PPP P≈P.#.# .≈≈♣ ...#.# #.# You could see a wyvern.

Vanquished Creatures
  A water moccasin (D:6)
  A centaur (D:6)
  A bullfrog (D:7)
  2 scorpions (D:6)
  4 hounds
  A jelly (D:6)
  An orc priest (D:6)
  3 iguanas
  An orc wizard (D:6)
  3 adders
  A white imp (D:7)
  An ufetubus (D:6)
  A dart slug (D:2)
  6 orcs (D:6)
  A ball python (D:3)
  A giant cockroach (D:2)
  A goblin (D:4)
  2 hobgoblins (D:2)
  A jackal (D:2)
  A quokka (D:4)
  A bat (D:3)
35 creatures vanquished.

Vanquished Creatures (others)
  29 foxfires (D:6)
  11 plants
40 creatures vanquished.

Grand Total: 75 creatures vanquished

Notes
Turn   | Place    | Note
-------+----------+-------------------------------------------
     0 | D:1      | ImHallYall the Human Cinder Acolyte began the quest for the
                  | Orb.
     0 | D:1      | Reached XP level 1. HP: 18/18 MP: 2/2
    19 | D:1      | You fall into a shaft and drop 1 floor!
   420 | D:2      | Reached XP level 2. HP: 12/24 MP: 3/3
   742 | D:4      | Reached XP level 3. HP: 29/29 MP: 4/4
   819 | D:4      | Reached XP level 4. HP: 17/35 MP: 5/5
  1210 | D:5      | Entered Level 5 of the Dungeon
  1389 | D:5      | Found Liziag's Weapon Shoppe.
  1400 | D:5      | Bought a +0 halberd for 56 gold pieces
  1422 | D:5      | Reached skill level 1 in Armour
  1440 | D:5      | Noticed a phantom
  1491 | D:5      | Identified the +8 mace "Woan" {flame, Will+ Str+3 Int+3}
  1725 | D:6      | Noticed a scorpion
  1728 | D:6      | Noticed a centaur
  1734 | D:6      | Reached skill level 4 in Axes
  1734 | D:6      | Reached skill level 1 in Dodging
  1734 | D:6      | Reached XP level 5. HP: 12/41 MP: 6/6
  1734 | D:6      | Killed a centaur
  1735 | D:6      | Reached XP level 6. HP: 14/47 MP: 7/7
  1978 | D:6      | Found Ywiyfado's Jewellery Shop.
  1996 | D:6      | Noticed a water moccasin
  2006 | D:6      | Killed a water moccasin
  2007 | D:6      | Reached skill level 1 in Polearms
  2007 | D:6      | Reached XP level 7. HP: 37/53 MP: 8/8
  2049 | D:6      | Found a blossoming altar of Fedhas.
  2094 | D:6      | Found a shimmering blue altar of Sif Muna.
  2114 | D:6      | Reached skill level 1 in Stealth
  2262 | D:6      | Found a basalt altar of Yredelemnul.
  2278 | D:6      | Reached skill level 5 in Axes
  2454 | D:6      | Fell from the grace of Ignis
  2454 | D:6      | Became a worshipper of Yredelemnul the Dark
  2460 | D:6      | Found a burning altar of Makhleb.
  2614 | D:6      | Found a snail-covered altar of Cheibriados.
  2742 | D:7      | Noticed a wyvern
  2745 | D:7      | Slain by a wyvern

Illustrated notes

Levels and vault maps discovered:
D:1:      dpeg_arrival_lava_temple_mockup, layout_loops_ring
D:2:      minmay_spotlight, layout_loops_ring, serial_shops,
          nicolae_square_shop, ebering_ecumenical_altar_mist,
          minmay_misc_feat_columns, uniq_robin, uniq_jessica
D:3:      layout_rooms, serial_shops, shop
D:4:      layout_basic, serial_shops, nicolae_shop_trees, uniq_edmund
D:5:      layout_gridville, serial_shops,
          nicolae_shop_temple_entry_statues_fountains, uniq_duvessa
D:6:      layout_rooms, nicolae_sif_muna_condensation, minitemple,
          nicolae_overflow_crystal_walls, nicolae_elyvilon_temple_path,
          serial_shops, nicolae_shop_window_shopping
D:7:      layout_basic, nicolae_ru_great_annihilating_truth,
          minmay_temple_entry_large_hall, minmay_misc_feat_tower,
          serial_bayou_lagoon_a, hex_tiny, uniq_menkaure

Skill      XL: |  1  2  3  4  5  6  7 |
---------------+----------------------+-----
Armour         | 1 2 4 |  4.0
Axes           | 4 5 |  5.1
Dodging        | 1 2 |  2.9
Polearms       | 1 |  1.3
Stealth        | 1 |  1.1
Fighting       | 4 |  4.1
Maces & Flails | |  0.6
Spellcasting   | |  1.0
Fire Magic     | |  3.6

Action                   |  1- 3 |  4- 6 |  7- 9 || total
-------------------------+-------+-------+-------++-------
Melee: Hand axe          |    42 |     9 |    44 ||    95
       Mace              |       |    13 |     5 ||    18
       Halberd           |       |     2 |       ||     2
       Punch             |       |       |     2 ||     2
Invok: Fiery Armour      |     1 |     1 |       ||     2
       Foxfire Swarm     |       |     1 |     1 ||     2
       Recall Undead Har |       |       |     1 ||     1
  Use: Scroll            |       |     3 |       ||     3
Armor: Robe              |     9 |       |       ||     9
       Leather armour    |     5 |     2 |       ||     7
       Chain mail        |       |    17 |    25 ||    42
Dodge: Dodged            |    45 |    16 |    26 ||    87

Table legend: (Time is in decaauts)
 A = Elapsed time spent in this place.
 B = Non-inter-level travel time spent in this place.
 C = Inter-level travel time spent in this place.
 D = Time resting spent in this place.
 E = Time spent auto-exploring this place.
 F = Levels seen in this place.
 G = Mean time per level.
                   A        B        C        D        E       F      G
               +--------+--------+--------+--------+--------+-----+--------+
         Total |   2756 |   2756 |      0 |   1713 |     19 |   7 |  393.7 |
       Dungeon |   2756 |   2756 |      0 |   1713 |     19 |   7 |  393.7 |
               +--------+--------+--------+--------+--------+-----+--------+

Top non-repeatable levels by time:
     D:6: 944 daAuts
     D:2: 659 daAuts
     D:5: 512 daAuts
     D:4: 487 daAuts
     D:7: 85 daAuts
     D:3: 47 daAuts
     D:1: 19 daAuts
